 Dungeon Crawl Stone Soup version 0.27.0-1-g7a089689b8 (webtiles) character file.

Game seed: 2650497885169299770

443 loansindi the Conjurer (level 6, -1/47 HPs)
             Began as a Draconian Conjurer on Aug 17, 2021.
             Was a Believer of Wu Jian.
             Slain by a sky beast (6 damage)
             ... on level 4 of the Dungeon.
             The game lasted 00:09:55 (3702 turns).

loansindi the Conjurer (Draconian Conjurer)         Turns: 3702, Time: 00:09:56

Health: -1/47      AC:  8    Str:  9    XL:     6   Next: 71%
Magic:  12/12      EV: 12    Int: 21    God:    Wu Jian [**....]
Gold:   109        SH:  0    Dex:  9    Spells: 9/13 levels left

rFire    . . .     SeeInvis .   q - +3 quarterstaff (chaos)
rCold    . . .     Faith    .   (shield currently unavailable)
rNeg     . . .     Spirit   .   (armour unavailable)
rPois    .         Reflect  .   (helmet restricted)
rElec    .         Harm     .   r - +0 cloak {Will+}
rCorr    .         Rampage  .   (no gloves)
Will     +....                  e - +0 pair of boots
Stlth    ++........             (no amulet)
HPRegen  0.15/turn              f - ring of flight
MPRegen  0.13/turn              (no ring)

@: flying
A: AC +6, unfitting armour, cold-blooded
a: Renounce Religion, Wall Jump


You were on level 4 of the Dungeon.
You worshipped Wu Jian.
Wu Jian was pleased with you.
You visited 1 branch of the dungeon, and saw 5 of its levels.

You collected 169 gold pieces.
You spent 60 gold pieces at shops.

Inventory:

Hand Weapons
 a - a +0 short sword
 q - a +3 quarterstaff of chaos (weapon)
 s - a +2 mace of protection
Armour
 e - a +0 pair of boots (worn)
 r - a +0 cloak of willpower (worn)
Jewellery
 f - a ring of flight (left hand)
 t - a ring of poison resistance
Scrolls
 b - 2 scrolls of teleportation {unknown}
 c - 2 scrolls of noise {unknown}
 d - a scroll of summoning {unknown}
 g - a scroll of immolation {unknown}
 j - 2 scrolls of identify {unknown}
 k - 3 scrolls of vulnerability {unknown}
 l - a scroll of blinking {unknown}
 m - a scroll of enchant armour {unknown}
 o - 2 scrolls of torment {unknown}
 p - a scroll of holy word {unknown}
 u - a scroll of brand weapon {unknown}
Potions
 h - 4 potions of curing
 i - a potion of might
 n - a potion of heal wounds {unknown}


   Skills:
 + Level 1.4 Fighting
 + Level 2.0 Short Blades
 + Level 0.5 Staves
 + Level 2.2 Dodging
 + Level 2.5 Stealth
 + Level 4.0 Spellcasting
 + Level 5.8 Conjurations
 + Level 0.2 Necromancy


You had 9 spell levels left.
You knew the following spells:

 Your Spells              Type           Power      Damage    Failure   Level
a - Magic Dart            Conj           100%       1d8       1%          1
b - Animate Skeleton      Necr           10%        N/A       11%         1
c - Searing Ray           Conj           56%        3d5       1%          2

Your spell library contained the following spells:

 Spells                   Type           Power      Damage    Failure   Level
 Pain                     Necr           20%        1d5       11%         1
 Conjure Flame            Conj/Fire      16%        6-21      11%         3
 Dazzling Flash           Conj/Hex       32%        N/A       11%         3
 Freeze                   Ice            16%        1d4       12%         1
 Vampiric Draining        Necr           2%         2d6       32%         3
 Frozen Ramparts          Ice            8%         1d2       34%         3
 Ignite Poison            Fire/Tmut/Pois 4%         N/A       34%         3
 Fulminant Prism          Conj/Hex       8%         3d7       34%         4
 Hailstorm                Conj/Ice       16%        3d6       34%         4
 Iskenderun's Mystic Bla  Conj/Tloc      16%        2d5       34%         4
 Sticky Flame             Conj/Fire      16%        2d4       34%         4


Dungeon Overview and Level Annotations

Branches:
Dungeon (5/15)             Temple (0/1) D:4

Altars:
Elyvilon
Wu Jian
Yredelemnul

Shops:
D:2 !


Innate Abilities, Weirdness & Mutations

Your plain brown scales are hard. (AC +6)
You cannot fit into any form of body armour.
You are cold-blooded and may be slowed by cold attacks.


Message History

Reactivating autopickup.
The sky beast flickers out of sight!
Deactivating autopickup; reactivate with Ctrl-A.
Something hits you but does no damage.
There is a stone staircase leading up here.
Something hits you but does no damage.
You fly upwards.
Reactivating autopickup.
There is a stone staircase leading down here.
A sky beast appears from thin air!
The sky beast hits you but does no damage.
The sky beast hits you but does no damage.
You are too injured to fight recklessly!
You hit the sky beast. You freeze the sky beast.
The sky beast is lightly wounded.
The sky beast misses you.
The sky beast hits you but does no damage.
You fly downwards.
There is a stone staircase leading up here.
The sky beast misses you.
You fly upwards.
There is a stone staircase leading down here.
You closely miss the sky beast.
The sky beast is lightly wounded.
The sky beast barely misses you. The sky beast misses you.
You completely miss the sky beast.
Your tail-slap misses the sky beast.
The sky beast is lightly wounded.
The sky beast closely misses you.
You barely miss the sky beast.
The sky beast is lightly wounded.
The sky beast barely misses you.
You closely miss the sky beast.
The sky beast is lightly wounded.
The sky beast hits you but does no damage.
You closely miss the sky beast.
The sky beast is lightly wounded.
The sky beast hits you.
* * * LOW HITPOINT WARNING * * *
The sky beast shocks you.
You die...

#..#......######### #.........#
#....#....# ##### ##....>...#
#...# ##........# #...#
##....##...# #...#
######..........# ##'##
########......##Y......# ♣♣.♣
#..............@...#...# ♣.♣♣
#...............##.....# ♣♣.♣
#...#####..............# ♣.♣♣
#...#...#..............# ♣♣.♣♣
#...#...#....#..##.....# ♣.PP♣♣
#...#.†.#...#.#####.#### ♣P...♣
#...##'##.....#.##...# #....#
#....8.8.8...........# ##....##
#..............####..####......#


You could see a sky beast.

Vanquished Creatures
  A black bear (D:4)
  A scorpion (D:4)
  2 bullfrog zombies
  A jelly (D:4)
  A hound (D:4)
  Crazy Yiuf (D:4)
  A centaur skeleton (D:5)
  An iguana (D:4)
  4 adders
  A worm (D:4)
  A dart slug (D:1)
  3 orcs (D:3)
  3 bats
  2 endoplasms
  5 goblins
  6 hobgoblins
  4 jackals (D:2)
  5 kobolds
  3 quokkas
  3 ball pythons
  2 frilled lizards (D:2)
  3 rats
54 creatures vanquished.

Notes
Turn   | Place    | Note
-------+----------+-------------------------------------------
     0 | D:1      | loansindi the Draconian Conjurer began the quest for the
                  | Orb.
     0 | D:1      | Reached XP level 1. HP: 14/14 MP: 3/3
    90 | D:1      | Found a faded altar of an unknown god.
   131 | D:1      | Became a worshipper of the Wu Jian Council
   131 | D:1      | Reached * piety under Wu Jian
   307 | D:1      | Reached XP level 2. HP: 20/20 MP: 1/5
  1194 | D:2      | Reached XP level 3. HP: 26/26 MP: 4/6
  1285 | D:2      | Found Gegouche's Distillery.
  1305 | D:2      | Bought a potion of curing for 30 gold pieces
  1305 | D:2      | Bought a potion of curing for 30 gold pieces
  1755 | D:3      | Reached skill level 5 in Conjurations
  1804 | D:3      | Reached ** piety under Wu Jian
  1970 | D:3      | Reached XP level 4. HP: 32/33 MP: 2/7
  2267 | D:3      | Learned a level 1 spell: Animate Skeleton
  2270 | D:3      | Learned a level 2 spell: Searing Ray
  2558 | D:3      | Reached skill level 1 in Short Blades
  2576 | D:3      | Found a basalt altar of Yredelemnul.
  2742 | D:4      | Found a staircase to the Ecumenical Temple.
  2852 | D:4      | Found a runed translucent door.
  2853 | D:4      | Noticed Crazy Yiuf
  2860 | D:4      | Killed Crazy Yiuf
  2861 | D:4      | Reached XP level 5. HP: 39/39 MP: 3/9
  3143 | D:4      | Noticed a black bear
  3150 | D:4      | Killed a black bear
  3151 | D:4      | Reached skill level 1 in Fighting
  3151 | D:4      | Reached XP level 6. HP: 33/47 MP: 3/11
  3600 | D:5      | Entered Level 5 of the Dungeon
  3636 | D:5      | Found a white marble altar of Elyvilon.
  3644 | D:5      | Noticed a sky beast
  3702 | D:4      | Slain by a sky beast

Illustrated notes

Levels and vault maps discovered:
D:1:      nzn_arrival_depleted_hourglass, layout_basic,
          hellmonk_ecumenical_altar_arch_garden
D:2:      layout_basic, serial_shops, shop, mrwooster_statue_mirror, st_stairs_6
D:3:      layout_loops_ring, marbit_many_paths
D:4:      layout_cave_pools, minmay_temple_entry_mist, serial_column_ruins,
          column_ruins_hut_pillars, column_ruins_hut, column_ruins_open_medium,
          column_ruins_columns_corner, column_ruins_grid_2,
          column_ruins_columns_plus, column_ruins_grid_4,
          uniq_crazy_yiuf_cottage
D:5:      layout_basic, elyvilon_altar_5, kennysheep_small_spiral,
          kennysheep_dice, uniq_menkaure, uniq_pikel

Skill      XL: |  1  2  3  4  5  6 |
---------------+-------------------+-----
Dodging        | 2 |  2.2
Stealth        | 2 |  2.5
Conjurations   | 5 |  5.8
Short Blades   | 1 2 |  2.0
Spellcasting   | 3 4 |  4.0
Fighting       | 1 |  1.4
Staves         | |  0.5
Necromancy     | |  0.2

Action                   |  1- 3 |  4- 6 || total
-------------------------+-------+-------++-------
Melee: Unarmed           |     2 |       ||     2
       Short sword       |    13 |    10 ||    23
       Quarterstaff      |       |    12 ||    12
 Cast: Magic Dart        |    66 |    14 ||    80
       Searing Ray       |       |    12 ||    12
       Animate Skeleton  |       |     1 ||     1
Invok: Whirlwind         |     1 |     2 ||     3
  Use: Potion            |       |     1 ||     1
Armor: Skin              |     6 |    19 ||    25
Dodge: Dodged            |    12 |    22 ||    34
